 Dungeon Crawl Stone Soup version 0.25-a0-306-g3faca94 (webtiles) character file.

Game seed: 16520711504746523724, levelgen mode: deterministic

79 Birdy the Sneak (level 4, 0/44 HPs)
             Began as an Ogre Assassin on Dec 21, 2019.
             Succumbed to a worker ant's poison
             ... on level 7 of the Dungeon.
             The game lasted 00:01:53 (567 turns).

Birdy the Sneak (Ogre Assassin)                      Turns: 567, Time: 00:01:54

Health: 0/44       AC:  4    Str: 15    XL:     4   Next: 37%
Magic:  4/4        EV:  9    Int: 12    God:
Gold:   35         SH:  0    Dex: 11    Spells: 3/3 levels left

rFire    . . .     SeeInvis .   a - +2 dagger
rCold    . . .     Gourm    .   (no shield)
rNeg     . . .     Faith    .   b - +0 robe
rPois    .         Spirit   .   (helmet restricted)
rElec    .         Reflect  .   c - +0 cloak
rCorr    .         Harm     .   (gloves unavailable)
MR       .....                  (boots unavailable)
Stlth    +++.......             h - amulet of rage
HPRegen  0.14/turn              (no ring)
MPRegen  0.09/turn              (no ring)

@: lethally poisoned (0 -> -9)
A: large, unfitting armour, tough skin 1
a: Evoke Berserk Rage


You were on level 7 of the Dungeon.
You were not hungry.

You visited 1 branch of the dungeon, and saw 7 of its levels.

You collected 35 gold pieces.

Inventory:

Hand Weapons
 a - a +2 dagger (weapon)
Missiles
 d - 21 poisoned darts
 e - a curare-tipped dart (quivered)
Armour
 b - a +0 robe (worn)
 c - a +0 cloak (worn)
Jewellery
 h - an amulet of rage (around neck)
Scrolls
 g - a scroll of blinking {unknown}
 i - a scroll of fog {unknown}
 j - a scroll of teleportation {unknown}
 k - a scroll of remove curse {unknown}
 l - a scroll of identify {unknown}
Comestibles
 f - 2 rations


   Skills:
 - Level 2.6 Fighting
 - Level 1.7 Short Blades
 - Level 2.0 Throwing
 - Level 0.8 Dodging
 + Level 4.5 Stealth


You had 3 spell levels left.
You didn't know any spells.
Your spell library was empty.

Dungeon Overview and Level Annotations

Branches:
Dungeon (7/15)
 Temple: D:4-7

Altars:


Innate Abilities, Weirdness & Mutations

You are too large for most types of armour.
You have tough skin. (AC +1)


Message History

Okay, then.
You aren't carrying any potions.
Unknown command.
Unknown command.
Unknown command.
* * * LOW HITPOINT WARNING * * *
You feel sick. The bullfrog closely misses you.
An iguana comes into view.
* * * LOW HITPOINT WARNING * * *
You feel sick.
You kill the worker ant!
You have reached level 4!
Quiver which item? (- for none, * to show all) (? for menu, Esc to quit)
Quivering
e - 2 curare-tipped darts for throwing.
Throwing (i - inventory. (/) - cycle)
e - 2 curare-tipped darts (quivered)
Press: ? - help, Shift-Dir - straight line, f - bullfrog
Aim: a bullfrog You throw a curare-tipped dart.
The curare-tipped dart misses the bullfrog.
You die...

...$.### #.......#
....##.#.##......(#
..............##
......#####(...#
.......##(>##.....
........#..# ....
... #.##..†### ..
....#...F....#
l......@.#.......
.....#...#...#...
.... #....[.## ..
... ........ .
........##
.....##### .....##
.#....


You could see a bullfrog and an iguana (sleeping).

Vanquished Creatures
  2 worker ants
  2 adders (D:3)
  2 worms
  A leopard gecko (D:6)
  A goblin (D:3)
  2 hobgoblins (D:3)
10 creatures vanquished.

Notes
Turn   | Place    | Note
-------+----------+-------------------------------------------
     0 | D:1      | Birdy the Ogre Assassin began the quest for the Orb.
     0 | D:1      | Reached XP level 1. HP: 22/22 MP: 1/1
    37 | D:3      | Reached skill level 3 in Stealth
   122 | D:3      | Reached XP level 2. HP: 25/29 MP: 2/2
   145 | D:3      | Reached XP level 3. HP: 24/36 MP: 3/3
   161 | D:4      | Reached skill level 4 in Stealth
   392 | D:5      | Entered Level 5 of the Dungeon
   550 | D:7      | Noticed a bullfrog
   566 | D:7      | HP: 1/36 [poisoned by a worker ant]
   566 | D:7      | Reached XP level 4. HP: 1/44 MP: 4/4
   567 | D:7      | Succumbed to a worker ant's poison

Levels and vault maps discovered:
D:1:      lemuel_arrival_lava_pool, layout_basic
D:2:      layout_rooms, kennysheep_generic_room_4
D:3:      layout_loops_cross, nemelex_xobeh_ov_fountains_minmay,
          gammafunk_temple_overflow_claw, nicolae_dithmenos_shadow_blocks,
          first_ration, nicolae_gozag_cash_rules_everything_around_me
D:4:      layout_cave_pools, temple_green, uniq_menkaure
D:5:      layout_basic, chequers_serial_rivers_marsh
D:6:      layout_cave_pods
D:7:      layout_cave_pools, lemuel_crystal_altar, elyvilon_altar_4, uniq_pikel

Skill      XL: |  1  2  3 |
---------------+----------+-----
Stealth        | 3 4 |  4.5
Fighting       | |  2.6
Short Blades   | |  1.7
Throwing       | |  2.0
Dodging        | |  0.8

Action                   |  1- 3 |  4- 6 || total
-------------------------+-------+-------++-------
Melee: Dagger            |    43 |       ||    43
Throw: Dart              |    12 |     1 ||    13
 Stab: Sleeping          |     1 |       ||     1
Armor: Robe              |    13 |       ||    13
Dodge: Dodged            |    19 |       ||    19

Table legend:
 A = Non-vault XP
 B = Vault XP
 C = Vault XP percentage of total XP
 D = Non-vault monster count
 E = Vault monster count
 F = Vault count percentage of total count
                 A         B        C        D         E       F
            +---------+---------+-------+---------+---------+-------
      Total |     113 |       0 |   0.0 |      10 |       0 |   0.0
            +---------+---------+-------+---------+---------+-------
        D:3 |      39 |       0 |   0.0 |       6 |       0 |   0.0
        D:4 |      32 |       0 |   0.0 |       1 |       0 |   0.0
        D:5 |       5 |       0 |   0.0 |       1 |       0 |   0.0
        D:6 |       3 |       0 |   0.0 |       1 |       0 |   0.0
        D:7 |      34 |       0 |   0.0 |       1 |       0 |   0.0
            +---------+---------+-------+---------+---------+-------
